 Dungeon Crawl Stone Soup version 0.23.2-1-ga50397a (webtiles) character file.

Game seed: 16247610456346289591

86 whitewolfNL the Ruffian (level 4, -1/45 HPs)
             Began as a Troll Berserker on May 8, 2019.
             Was a Believer of Trog.
             Slain by an adder (2 damage)
             ... on level 3 of the Dungeon.
             The game lasted 00:03:22 (1422 turns).

whitewolfNL the Ruffian (Troll Berserker)           Turns: 1422, Time: 00:03:23

Health: -1/45      AC:  6    Str: 25    XL:     4   Next: 27%
Magic:  3/3        EV: 10    Int:  3    God:    Trog [**....]
Gold:   124        SH:  0    Dex: 10    Spells: 3/3 levels left

rFire    . . .     SeeInvis .     - Unarmed
rCold    . . .     Gourm    +   (no shield)
rNeg     . . .     Faith    .   a - +0 animal skin
rPois    .         Spirit   .   (helmet restricted)
rElec    .         Reflect  .   (no cloak)
rCorr    .         Harm     .   (gloves unavailable)
MR       .....                  (boots unavailable)
Stlth    +.........             (no amulet)
HPRegen  0.55/turn              (no ring)
MPRegen  0.08/turn              (no ring)

@: lethally poisoned (-1 -> -2), berserk cooldown, slowed, very slow
A: large, unfitting armour, claws 3, fast metabolism 3, gourmand, regeneration
1, shaggy fur 1, tough skin 3
a: Berserk, Trog's Hand, Renounce Religion


You were on level 3 of the Dungeon.
You worshipped Trog.
Trog was pleased with you.
You were near starving.

You visited 1 branch of the dungeon, and saw 3 of its levels.

You collected 124 gold pieces.

Inventory:

Missiles
 d - 8 needles of confusion
 h - 56 stones (quivered)
 k - 22 arrows
Armour
 a - a +0 animal skin (worn)
Scrolls
 c - 2 scrolls of blinking {unknown}
 f - a scroll of teleportation {unknown}
 g - 3 scrolls of identify {unknown}
 i - 2 scrolls of magic mapping {unknown}
 l - a scroll of enchant weapon {unknown}
 m - a scroll of random uselessness {unknown}
 n - a scroll of remove curse {unknown}
Potions
 e - a potion of berserk rage {unknown}
 j - a potion of mutation {unknown}
Comestibles
 b - 5 rations


   Skills:
 * Level 3.1 Fighting
 + Level 2.8 Dodging
 * Level 0.7 Stealth
 + Level 3.7 Unarmed Combat


You had 3 spell levels left.
You didn't know any spells.
Your spell library was empty.

Dungeon Overview and Level Annotations

Branches:
Dungeon (3/15)

Altars:
Makhleb
Yredelemnul


Innate Abilities, Weirdness & Mutations

You are too large for most types of armour.
You have claws for hands.
Your metabolism is lightning-fast.
You like to eat raw meat.
Your natural rate of healing is unusually fast.
You are covered in fur. (AC +1)
You have extremely tough skin. (AC +3)


Message History

You feel sick. The adder barely misses you. x2
You claw the goblin!
You kill the goblin!
Trog accepts your kill.
You feel sick. The adder barely misses you. The adder closely misses you.
The goblin hits you but does no damage.
You scratch the goblin.
The goblin is severely wounded.
You feel sick. The adder bites you but does no damage.
The goblin hits you with a +0 club.
* * * LOW HITPOINT WARNING * * *
The adder bites you but does no damage.
You barely miss the goblin.
The goblin is severely wounded.
* * * LOW HITPOINT WARNING * * *
You feel sick. The adder closely misses you.
The goblin hits you with a +0 club.
* * * LOW HITPOINT WARNING * * *
The adder bites you.
You die...

####### #.....#
#########.....#
#....<..)))...#
#....####..S..#
....... ####@##
##..... #g#
##.... .g.
#.... .....
#...# ......#
.... ####.###
#.# #.#


You could see an adder, a hobgoblin and a goblin.

Vanquished Creatures
  Jessica (D:3)
  Robin (D:3)
  An adder (D:2)
  2 dart slugs
  A leopard gecko (D:1)
  A bat (D:2)
  7 goblins
  3 hobgoblins
  8 jackals
  A quokka (D:2)
  3 frilled lizards
  5 kobolds
34 creatures vanquished.

Notes
Turn   | Place    | Note
-------+----------+-------------------------------------------
     0 | D:1      | whitewolfNL the Troll Berserker began the quest for the
                  | Orb.
     0 | D:1      | Reached XP level 1. HP: 22/22 MP: 0/0
   504 | D:1      | Reached XP level 2. HP: 29/29 MP: 1/1
   788 | D:2      | Found a basalt altar of Yredelemnul.
   902 | D:2      | Reached XP level 3. HP: 36/36 MP: 2/2
  1003 | D:2      | Found a burning altar of Makhleb.
  1390 | D:3      | Noticed Jessica
  1391 | D:3      | Noticed Robin
  1394 | D:3      | Reached ** piety under Trog
  1401 | D:3      | Killed Robin
  1403 | D:3      | Killed Jessica
  1403 | D:3      | Reached XP level 4. HP: 45/45 MP: 3/3
  1422 | D:3      | HP: 2/45 [poisoned by an adder]
  1422 | D:3      | Slain by an adder

Skill      XL: |  1  2  3 |
---------------+----------+-----
Fighting       | 3 |  3.1
Dodging        | |  2.8
Stealth        | |  0.7
Unarmed Combat | |  3.7

Action                   |  1- 3 |  4- 6 || total
-------------------------+-------+-------++-------
Melee: Unarmed           |    51 |    16 ||    67
       Punch             |     1 |       ||     1
Invok: Berserk           |     2 |       ||     2
  Eat: Chunk             |    10 |       ||    10
Armor: Animal skin       |    10 |    13 ||    23
Dodge: Dodged            |    33 |    10 ||    43
